General information
- name: BNet
- type: Ladder team game (AT/RT)
- host: Battle.net
- saver: DSSN
map: Battleground
- players: 8
- length: 26:14
- speed: Fast
- version: 1.26 W3XP
- replay type: Public
» download(159 KB)
Players
team 1 (loser)
Lan_hOmOsexuElf (
purple | 606 APM | 1624 actions | 02:40)
2 Archmage
1 Summon Water Elemental
1 Brilliance Aura
1 Mountain King
1 Storm Bolt
1 Paladin
1 Holy Light
» actions
| Assign group hotkey | 50 | |
| Basic commands | 59 | |
| Build / train | 98 | |
| Enter build submenu | 24 | |
| Enter hero's abilities submenu | 11 | |
| Right click | 450 | |
| Select / deselect | 256 | |
| Select group hotkey | 535 | |
| Use ability | 141 | |
1624 total
» units
| Peasant | 10 | |
| Footman | 7 | |
| Mortar Team | 7 | |
| Knight | 5 | |
| Siege Engine | 6 | |
| Rifleman | 1 | |
36 total
» upgrades
| Defend | 1 | |
| Fragmentation Shards | 1 | |
| Flare | 1 | |
| Animal War Training | 1 | |
| Swords | 1 | |
| Gunpowder | 3 | |
| Masonry | 2 | |
| Barrage | 1 | |
| Plating | 1 | |
| Long Rifles | 1 | |
13 total
» buildings
| Altar of Kings | 1 | |
| Barracks | 1 | |
| Farm | 13 | |
| Scout Tower | 3 | |
| Arcane Tower | 1 | |
| Keep | 1 | |
| Blacksmith | 2 | |
| Arcane Vault | 1 | |
| Lumber Mill | 1 | |
| Castle | 2 | |
| Workshop | 2 | |
| Guard Tower | 2 | |
30 total
» build order
00:12 Altar of Kings
00:18 Barracks
00:24 Farm
00:59 Farm
01:30 Scout Tower
01:58 Arcane Tower
02:17 Farm
02:40 Farm
» items
| Scroll of Regeneration | 3 | |
| Potion of Healing | 5 | |
| Lesser Clarity Potion | 2 | |
| Scroll of Town Portal | 3 | |
13 total

»
DoubleCreampie (
yellow | 35 APM | 93 actions | 02:40)
1 Archmage
1 Summon Water Elemental
» actions
| Assign group hotkey | 3 | |
| Build / train | 10 | |
| Enter build submenu | 7 | |
| Enter hero's abilities submenu | 1 | |
| Right click | 28 | |
| Select / deselect | 27 | |
| Select group hotkey | 5 | |
| Use ability | 12 | |
93 total
» units
» buildings
| Altar of Kings | 1 | |
| Farm | 8 | |
| Barracks | 2 | |
| Arcane Vault | 1 | |
12 total
» build order
00:16 Altar of Kings
00:25 Farm
00:59 Barracks
01:26 Barracks
01:42 Farm
01:44 Farm
01:44 Farm
01:46 Farm
01:48 Farm
01:58 Arcane Vault

»
Rotfrontbund (
pink | 300 APM | 803 actions | 02:40)
2 Archmage
1 Summon Water Elemental
1 Brilliance Aura
» actions
| Build / train | 30 | |
| Enter build submenu | 13 | |
| Enter hero's abilities submenu | 4 | |
| Right click | 433 | |
| Select / deselect | 287 | |
| Use ability | 36 | |
803 total
» units
| Peasant | 5 | |
| Footman | 14 | |
| Gryphon Rider | 3 | |
22 total
» upgrades
» buildings
| Altar of Kings | 1 | |
| Farm | 9 | |
| Barracks | 2 | |
| Keep | 1 | |
| Castle | 1 | |
| Lumber Mill | 1 | |
| Gryphon Aviary | 3 | |
18 total
» build order
00:06 Altar of Kings
00:08 Farm
00:29 Barracks
02:03 Barracks
02:29 Farm
02:40 Gryphon Aviary

»
Djm34 (
blue | 323 APM | 864 actions | 02:40)
1 Crypt Lord
1 Impale
1 Dreadlord
1 Sleep
1 Archmage
1 Brilliance Aura
» actions
| Assign group hotkey | 6 | |
| Build / train | 121 | |
| Enter build submenu | 20 | |
| Enter hero's abilities submenu | 7 | |
| Remove unit from queue | 3 | |
| Right click | 217 | |
| Select / deselect | 416 | |
| Select group hotkey | 1 | |
| Use ability | 73 | |
864 total
» units
| Acolyte | 8 | |
| Ghoul | 3 | |
| Crypt Fiend | 3 | |
| Footman | 11 | |
| Peasant | 4 | |
| Necromancer | 12 | |
| Meatwagon | 6 | |
| Obsidian Statue | 2 | |
| Abomination | 3 | |
| Knight | 7 | |
| Gargoyle | 8 | |
| Rifleman | 7 | |
74 total
» upgrades
| Necromancer Training | 2 | |
| Skeletal Longevity | 1 | |
| Exhume Corpses | 1 | |
| Masonry | 2 | |
| Defend | 1 | |
| Swords | 1 | |
| Plating | 1 | |
| Lumber Harvesting | 1 | |
| Skeletal Mastery | 1 | |
| Ghoul Frenzy | 1 | |
| Disease Cloud | 1 | |
| Unholy Strength | 2 | |
| Unholy Armor | 2 | |
17 total
» buildings
| Altar of Darkness | 1 | |
| Ziggurat | 7 | |
| Crypt | 1 | |
| Tomb of Relics | 1 | |
| Nerubian Tower | 6 | |
| Graveyard | 1 | |
| Halls of the Dead | 1 | |
| Temple of the Damned | 1 | |
| Slaughterhouse | 1 | |
| Lumber Mill | 1 | |
| Scout Tower | 3 | |
| Keep | 1 | |
| Guard Tower | 3 | |
| Black Citadel | 1 | |
| Castle | 1 | |
30 total
» build order
00:35 Altar of Darkness
00:39 Ziggurat
00:47 Crypt
01:09 Ziggurat
01:17 Tomb of Relics
01:34 Nerubian Tower
02:07 Nerubian Tower
02:40 Guard Tower
» items
| Rod of Necromancy | 2 | |
| Scroll of Healing | 1 | |
| Orb of Corruption | 1 | |
| Scroll of Town Portal | 1 | |
5 total
team 2 (winner)

»
DSSN (
red | 1031 APM | 2761 actions | 02:40)
2 Blood Mage
1 Flame Strike
1 Siphon Mana
» actions
| Assign group hotkey | 42 | |
| Basic commands | 62 | |
| Build / train | 164 | |
| ESC pressed | 3 | |
| Enter build submenu | 44 | |
| Enter hero's abilities submenu | 10 | |
| Right click | 1182 | |
| Select / deselect | 404 | |
| Select group hotkey | 720 | |
| Use ability | 129 | |
2761 total
» units
| Peasant | 23 | |
| Footman | 16 | |
| Dragonhawk Rider | 15 | |
| Gryphon Rider | 8 | |
| Mortar Team | 2 | |
| Knight | 2 | |
66 total
» upgrades
| Defend | 1 | |
| Swords | 3 | |
| Armor | 3 | |
| Masonry | 2 | |
| Animal War Training | 1 | |
| Storm Hammers | 1 | |
| Lumber Harvesting | 2 | |
| Cloud | 1 | |
| Gunpowder | 1 | |
| Fragmentation Shards | 1 | |
16 total
» buildings
| Altar of Kings | 2 | |
| Barracks | 1 | |
| Farm | 11 | |
| Arcane Vault | 1 | |
| Blacksmith | 1 | |
| Scout Tower | 16 | |
| Arcane Tower | 2 | |
| Keep | 4 | |
| Lumber Mill | 1 | |
| Castle | 2 | |
| Gryphon Aviary | 4 | |
| Guard Tower | 29 | |
| Town Hall | 1 | |
| Workshop | 2 | |
77 total
» build order
00:05 Altar of Kings
00:09 Altar of Kings
00:16 Barracks
00:18 Farm
00:43 Farm
01:31 Farm
02:12 Arcane Vault
02:40 Guard Tower
» items
| Scroll of Regeneration | 12 | |
| Mechanical Critter | 1 | |
| Lesser Clarity Potion | 1 | |
| Scroll of Town Portal | 4 | |
| Potion of Healing | 3 | |
| Potion of Invisibility | 1 | |
| Staff of Teleportation | 1 | |
| Boots of Speed | 1 | |
| Potion of Mana | 1 | |
25 total
DHxHunter_FTF (
orange | 419 APM | 1122 actions | 02:40)
1 Mountain King
1 Storm Bolt
1 Paladin
1 Holy Light
» actions
| Assign group hotkey | 28 | |
| Build / train | 80 | |
| Enter build submenu | 15 | |
| Enter hero's abilities submenu | 8 | |
| Remove unit from queue | 2 | |
| Right click | 587 | |
| Select / deselect | 235 | |
| Select group hotkey | 95 | |
| Use ability | 72 | |
1122 total
» units
| Peasant | 10 | |
| Rifleman | 14 | |
| Gryphon Rider | 11 | |
| Mortar Team | 4 | |
39 total
» upgrades
| Gunpowder | 3 | |
| Armor | 3 | |
| Long Rifles | 1 | |
| Animal War Training | 1 | |
| Storm Hammers | 1 | |
| Swords | 2 | |
| Plating | 0 | |
11 total
» buildings
| Altar of Kings | 1 | |
| Farm | 17 | |
| Blacksmith | 1 | |
| Barracks | 1 | |
| Keep | 1 | |
| Scout Tower | 5 | |
| Lumber Mill | 1 | |
| Guard Tower | 2 | |
| Arcane Vault | 1 | |
| Gryphon Aviary | 2 | |
| Castle | 1 | |
| Workshop | 1 | |
34 total
» build order
00:05 Altar of Kings
01:43 Farm
01:47 Blacksmith
01:51 Barracks
01:57 Farm
01:59 Farm
02:02 Farm
02:03 Farm
02:03 Farm
02:04 Farm
02:05 Farm
02:06 Farm
02:40 Farm
» items
| Scroll of Regeneration | 3 | |
| Lesser Clarity Potion | 2 | |
| Potion of Healing | 3 | |
| Potion of Mana | 1 | |
| Scroll of Town Portal | 2 | |
| Orb of Fire | 1 | |
12 total

»
Cumeel (
teal | 332 APM | 890 actions | 02:40)
1 Shadow Hunter
1 Healing Wave
1 Far Seer
1 Feral Spirit
» actions
| Basic commands | 19 | |
| Build / train | 77 | |
| Enter build submenu | 20 | |
| Enter hero's abilities submenu | 11 | |
| Right click | 347 | |
| Select / deselect | 327 | |
| Use ability | 89 | |
890 total
» units
| Peon | 10 | |
| Grunt | 7 | |
| Shaman | 11 | |
| Troll Batrider | 8 | |
| Troll Headhunter/Berserker | 1 | |
| Raider | 1 | |
38 total
» upgrades
| Berserker Strength | 1 | |
| Pillage | 1 | |
| Reinforced Defenses | 1 | |
| Shaman Training | 1 | |
| Liquid Fire | 1 | |
| Ranged Weapons | 1 | |
| Berserker Upgrade | 1 | |
7 total
» buildings
| Altar of Storms | 1 | |
| Orc Burrow | 7 | |
| Barracks | 1 | |
| Voodoo Lounge | 1 | |
| War Mill | 1 | |
| Stronghold | 1 | |
| Watch Tower | 4 | |
| Spirit Lodge | 1 | |
| Fortress | 1 | |
| Beastiary | 2 | |
20 total
» build order
00:26 Altar of Storms
00:31 Orc Burrow
00:59 Orc Burrow
01:28 Barracks
01:53 Voodoo Lounge
02:20 War Mill
02:40 Orc Burrow
» items
| Healing Salve | 4 | |
| Lesser Clarity Potion | 2 | |
| Scroll of Speed | 2 | |
| Scroll of Town Portal | 5 | |
| Scroll of Healing | 1 | |
| Orb of Fire | 1 | |
15 total
RoKinm123 (
green | 264 APM | 706 actions | 02:40)
2 Archmage
1 Summon Water Elemental
1 Blizzard
» actions
| Build / train | 47 | |
| Enter build submenu | 15 | |
| Enter hero's abilities submenu | 4 | |
| Right click | 350 | |
| Select / deselect | 261 | |
| Use ability | 29 | |
706 total
» units
| Peasant | 15 | |
| Footman | 22 | |
| Rifleman | 3 | |
40 total
» upgrades
» buildings
| Altar of Kings | 2 | |
| Farm | 5 | |
| Barracks | 1 | |
| Blacksmith | 1 | |
| Scout Tower | 1 | |
| Arcane Tower | 1 | |
| Town Hall | 1 | |
| Lumber Mill | 1 | |
13 total
» build order
00:10 Altar of Kings
00:14 Farm
00:19 Barracks
01:33 Farm
02:16 Blacksmith
02:40 Lumber Mill
» items
Chat log
(02:33 / All) DSSN: Your Internet is being double creampied
(02:40 / All) DSSN: O MAI LAWD
(02:40 / All) DSSN: gg